 Dungeon Crawl Stone Soup version 0.25-a0-566-g062765be81 (webtiles) character file.

Game seed: 4214195906733199977, levelgen mode: deterministic

10 Lugonue the Scratcher (level 2, -4/12 HPs)
             Began as a Felid Transmuter on Feb 27, 2020.
             Slain by an adder (5 damage)
             ... on level 2 of the Dungeon.
             The game lasted 00:00:52 (837 turns).

Lugonue the Scratcher (Felid Transmuter)             Turns: 837, Time: 00:00:54

Health: -4/12      AC:  1    Str:  6    XL:     2   Next: 10%
Magic:  5/6        EV: 18    Int: 14    God:
Gold:   71         SH:  0    Dex: 16    Spells: 4/5 levels left
                                        Lives:  0   Deaths: 0

rFire    . . .     SeeInvis +     - Unarmed
rCold    . . .     Gourm    .   (shield unavailable)
rNeg     . . .     Faith    .   (armour unavailable)
rPois    .         Spirit   .   (helmet unavailable)
rElec    .         Reflect  .   (cloak unavailable)
rCorr    .         Harm     .   (gloves unavailable)
MR       .....                  (boots unavailable)
Stlth    ++........             (no amulet)
HPRegen  0.04/turn              (no ring)
MPRegen  0.10/turn              (no ring)

@: lethally poisoned (-4 -> -10), quick
A: very small, no armour, no weapons or thrown items, stealth, claws 1, fangs 3,
see invisible, carnivore, speed 1, shaggy fur 1, slow metabolism 1, sharp paws
a: no special abilities


You were on level 2 of the Dungeon.
You were not hungry.

You visited 1 branch of the dungeon, and saw 2 of its levels.

You collected 71 gold pieces.

Inventory:

Missiles
 a - 12 arrows
Jewellery
 f - an uncursed ring of magical power {unknown}
Scrolls
 b - 3 scrolls of identify {unknown}
 d - 2 scrolls of fear {unknown}
 h - a scroll of enchant armour {unknown}
 i - a scroll of teleportation {unknown}
Potions
 g - a potion of stabbing {unknown}
Comestibles
 c - 5 rations


   Skills:
 * Level 1.1 Fighting
 + Level 2.8 Dodging
 + Level 3.3 Unarmed Combat
 * Level 2.2 Spellcasting
 + Level 2.2 Transmutations


You had 4 spell levels left.
You knew the following spells:

 Your Spells              Type           Power        Failure   Level  Hunger
a - Beastly Appendage     Tmut           #.....       10%         1    #......

Your spell library contained the following spells:

 Spells                   Type           Power        Failure   Level  Hunger
 Sticks to Snakes         Tmut           #.......     14%         2    ###....
 Spider Form              Tmut/Pois      #.........   41%         3    ###....
 Ice Form                 Ice/Tmut       #.......     82%         4    #####..
 Blade Hands              Tmut           #.........   95%         5    ######.


Dungeon Overview and Level Annotations

Branches:
Dungeon (2/15)

Altars:


Innate Abilities, Weirdness & Mutations

You cannot wear armour.
You are incapable of wielding weapons or throwing items.
Your paws allow you to move quietly. (Stealth)
You have sharp claws.
You have razor-sharp teeth.
You have supernaturally acute eyesight. (SInv)
You are carnivorous and can eat meat at any time.
You cover ground quickly.
You are covered in fur. (AC +1)
You have a slow metabolism.
Your sharp claws are effective at attacking unaware monsters.


Message History

There is a stone staircase leading up here.
Casting: Beastly Appendage (safe; 10% risk of failure)
Confirm with . or Enter, or press ? or * to list all spells.
You grow a pair of large bovine horns.
The adder misses you. The adder bites you.
You closely miss the adder. Your headbutt misses the adder.
The adder misses you.
You barely miss the adder. You headbutt the adder. Your bite misses the adder.
The adder is heavily wounded.
The adder bites you.
* * * LOW HITPOINT WARNING * * *
You are lethally poisoned!
The adder poisons you!
It was a potion of cancellation.
Your magical effects are unravelling.
You feel magically purged.
Your horns disappear.
* * * LOW HITPOINT WARNING * * *
You feel sick. The adder bites you.
You die...

### ###
..# #..
#.#.#####.
#@S......
#.######.
#.# #.#
..# ...
##. .


You could see an adder.

Vanquished Creatures
  3 bats (D:1)
  A giant cockroach (D:1)
  A frilled lizard (D:1)
  4 kobolds (D:1)
  2 rats (D:1)
11 creatures vanquished.

Notes
Turn   | Place    | Note
-------+----------+-------------------------------------------
     0 | D:1      | Lugonue the Felid Transmuter began the quest for the Orb.
     0 | D:1      | Reached XP level 1. HP: 9/9 MP: 4/4
   206 | D:1      | Reached XP level 2. HP: 9/12 MP: 6/6
   837 | D:2      | Slain by an adder

Levels and vault maps discovered:
D:1:      dpeg_arrival_simpleton_b, layout_basic, corexii_leaking_fountain
D:2:      layout_loops_ring, xom_butterflies,
          chequers_ecumenical_altar_simple_redux, bloody_makhleb, uniq_sigmund

Action                   || total
-------------------------++-------
Melee: Unarmed           ||    41
       Bite              ||     3
       Headbutt          ||     1
 Cast: Beastly Appendage ||     1
  Use: Potion            ||     1
Armor: Skin              ||     5
Dodge: Dodged            ||    45

Table legend:
 A = Non-vault XP
 B = Vault XP
 C = Vault XP percentage of total XP
 D = Non-vault monster count
 E = Vault monster count
 F = Vault count percentage of total count
                 A         B        C        D         E       F
            +---------+---------+-------+---------+---------+-------
      Total |      15 |       0 |   0.0 |      11 |       0 |   0.0
            +---------+---------+-------+---------+---------+-------
        D:1 |      15 |       0 |   0.0 |      11 |       0 |   0.0
            +---------+---------+-------+---------+---------+-------
